 Dungeon Crawl Stone Soup version 0.28-a0-203-gf40de95187 (webtiles) character file.

Game seed: 12636937300580583446

46 Arne the Gusty (level 3, -2/20 HPs)
             Began as a Tengu Air Elementalist on Aug 20, 2021.
             Slain by a worm (9 damage)
             ... on level 2 of the Dungeon.
             The game lasted 00:08:14 (1067 turns).

Arne the Gusty (Tengu Air Elementalist)             Turns: 1067, Time: 00:08:15

Health: -2/20      AC:  2    Str:  8    XL:     3   Next: 66%
Magic:  3/7        EV: 12    Int: 15    God:
Gold:   34         SH:  4    Dex: 15    Spells: 5/6 levels left

rFire   . . .      SeeInvis .   i - +2 dagger (venom)
rCold   . . .      Faith    .   h - +0 buckler
rNeg    . . .      Spirit   .   a - +0 robe
rPois   .          Reflect  .   (helmet restricted)
rElec   .          Harm     .   (no cloak)
rCorr   .          Rampage  .   (no gloves)
Will    .....                   (boots unavailable)
Stlth   ++........              (no amulet)
HPRegen 0.06/turn               (no ring)
MPRegen 0.10/turn               (no ring)

@: very slightly contaminated
A: beak, talons 3
a: no special abilities


You were on level 2 of the Dungeon.
You visited 1 branch of the dungeon, and saw 2 of its levels.

You collected 34 gold pieces.

Inventory:

Hand Weapons
 c - a +0 dagger
 d - a +0 short sword
 i - a +2 dagger of venom (weapon)
Armour
 a - a +0 robe (worn)
 h - a +0 buckler (worn)
Scrolls
 b - a scroll of acquirement {unknown}
 e - 2 scrolls of enchant weapon {unknown}
 j - a scroll of blinking {unknown}
 k - a scroll of identify {unknown}
 m - a scroll of noise {unknown}
Potions
 f - 2 potions of curing {unknown}
 g - a potion of lignification {unknown}
 l - a potion of mutation {unknown}


   Skills:
 * Level 1.3 Fighting
 + Level 1.1 Short Blades
 * Level 2.6 Dodging
 + Level 2.3 Stealth
 * Level 0.9 Shields
 - Level 2.1 Spellcasting
 + Level 1.4 Conjurations
 - Level 4.0 Air Magic


You had 5 spell levels left.
You knew the following spells:

 Your Spells              Type           Power      Damage    Failure   Level
a - Shock                 Conj/Air       36%        1d5       11%         1

Your spell library contained the following spells:

 Spells                   Type           Power      Damage    Failure   Level
 Static Discharge         Conj/Air       9%         N/A       16%         2
 Swiftness                Air            13%        N/A       19%         3
 Blink                    Tloc           N/A        N/A       43%         2
 Airstrike                Air            6%         N/A       52%         4
 Lesser Beckoning         Tloc           0%         N/A       67%         3
 Manifold Assault         Tloc           1%         N/A       100%        5


Dungeon Overview and Level Annotations

Branches:
Dungeon (2/15)

Altars:

Shops:
D:2 ?


Innate Abilities, Weirdness & Mutations

You have a beak for a mouth.
You have claws for feet.


Message History

You completely miss the goblin. You claw the goblin.
You kill the goblin!
Things that are here:
a +0 dagger; a goblin corpse A worm comes into view.
Casting: Shock (safe; 11% risk of failure)
Confirm with . or Enter, or press ? or * to list all spells.
Aiming: Shock (safe; 11% risk of failure)
Press: ? - help, Shift-Dir - straight line, f - worm
Aim: a worm (89% to hit)
You miscast Shock.
You are very lightly contaminated with residual magic.
Nothing appears to happen.
Casting: Shock (safe; 11% risk of failure)
Confirm with . or Enter, or press ? or * to list all spells.
Aiming: Shock (safe; 11% risk of failure)
Press: ? - help, Shift-Dir - straight line, f/p - worm
Aim: a worm (89% to hit)
The zap hits the worm.
The worm is lightly wounded.
Casting: Shock (safe; 11% risk of failure)
Confirm with . or Enter, or press ? or * to list all spells.
Aiming: Shock (safe; 11% risk of failure)
Press: ? - help, Shift-Dir - straight line, f/p - worm
Aim: a worm (lightly wounded, 89% to hit)
You miscast Shock.
Nothing appears to happen.
Unknown command.
Unknown command.
Casting: Shock (safe; 11% risk of failure)
Confirm with . or Enter, or press ? or * to list all spells.
Aiming: Shock (safe; 11% risk of failure)
Press: ? - help, Shift-Dir - straight line, f/p - worm
Aim: a worm (lightly wounded, 89% to hit)
The zap misses the worm.
You hit the worm.
The worm is lightly wounded.
You hit the worm.
The worm is poisoned.
You claw the worm!
The worm is severely wounded.
The worm bites you!
You die...

...# ....## ##.######
.... ..#..(.....# ###..#
.... ............##...##
.... .........##....###
....
......^..##....#########
...
......................##
........#############...
........###############.
......w@.....)..).......
........################
........# #########


You could see a worm (very poisoned).

Vanquished Creatures
  An adder (D:2)
  A ball python (D:1)
  3 bats
  8 endoplasms (D:1)
  A giant cockroach (D:1)
  5 hobgoblins
  A frilled lizard (D:1)
  6 goblins
  3 kobolds
  3 rats
32 creatures vanquished.

Notes
Turn   | Place    | Note
-------+----------+-------------------------------------------
     0 | D:1      | Arne the Tengu Air Elementalist began the quest for the
                  | Orb.
     0 | D:1      | Reached XP level 1. HP: 10/10 MP: 4/4
   176 | D:1      | Reached XP level 2. HP: 8/16 MP: 6/6
   410 | D:1      | Reached skill level 1 in Fighting
   696 | D:1      | Reached skill level 1 in Short Blades
   698 | D:1      | Reached XP level 3. HP: 5/20 MP: 3/7
   901 | D:2      | Found Hits's Magic Scroll Shoppe.
   927 | D:2      | Found a faded altar of an unknown god.
  1067 | D:2      | Slain by a worm

Illustrated notes

Levels and vault maps discovered:
D:1:      mrwooster_arrival_statue_2, layout_basic
D:2:      layout_rooms, serial_shops, nicolae_shop_stone,
          shapermc_ecumenical_altar_mp_highgroup

Skill      XL: |  1  2 |
---------------+-------+-----
Fighting       | 1 |  1.3
Short Blades   | 1 |  1.1
Dodging        | |  2.6
Stealth        | |  2.3
Shields        | |  0.9
Spellcasting   | |  2.1
Conjurations   | |  1.4
Air Magic      | |  4.0

Action                   || total
-------------------------++-------
Melee: Short sword       ||    14
       Peck              ||     8
       Kick              ||    14
       Unarmed           ||     2
       Dagger            ||    33
 Cast: Shock             ||    12
 Stab: Sleeping          ||     2
Armor: Robe              ||     6
Dodge: Dodged            ||    25
Block: Buckler           ||     4

Table legend: (Time is in decaauts)
 A = Elapsed time spent in this place.
 B = Non-inter-level travel time spent in this place.
 C = Inter-level travel time spent in this place.
 D = Time resting spent in this place.
 E = Time spent auto-exploring this place.
 F = Levels seen in this place.
 G = Mean time per level.
                   A        B        C        D        E       F      G
               +--------+--------+--------+--------+--------+-----+--------+
         Total |   1067 |   1067 |      0 |      0 |    222 |   2 |  533.5 |
       Dungeon |   1067 |   1067 |      0 |      0 |    222 |   2 |  533.5 |
               +--------+--------+--------+--------+--------+-----+--------+

Top non-repeatable levels by time:
     D:1: 853 daAuts
     D:2: 214 daAuts
